 Dungeon Crawl Stone Soup version 0.28.0-43-g3370ac3207 (webtiles) character file.

Game seed: 11876137547312898993

50 pkoi the Firebug (level 3, 0/28 HPs)
             Began as a Naga Fire Elementalist on Mar 22, 2022.
             Slain by Terence
             ... wielding a +0 trident
              (4 damage)
             ... on level 3 of the Dungeon.
             The game lasted 00:02:32 (2388 turns).

pkoi the Firebug (Naga Fire Elementalist)           Turns: 2388, Time: 00:02:33

Health: 0/28       AC:  9    Str: 10    XL:     3   Next: 79%
Magic:  1/6        EV:  8    Int: 17    God:
Gold:   31         SH:  0    Dex: 11    Spells: 4/7 levels left

rFire   . . .      SeeInvis +   b - +0 club
rCold   . . .      Faith    .   (no shield)
rNeg    . . .      Spirit   .   g - +3 ring mail
rPois   +          Reflect  .   (no helmet)
rElec   .          Harm     .   (no cloak)
rCorr   .          Rampage  .   i - +2 pair of gloves
Will    .....                   (no barding)
Stlth   +.........              (no amulet)
HPRegen 0.09/turn               (no ring)
MPRegen 0.10/turn               (no ring)

@: weak-willed, very slow
A: AC +1, large, see invisible, deformed body, poison resistance, slowness 2,
spit poison 1, naga tail 1
a: Spit Poison


You were on level 3 of the Dungeon.
You visited 1 branch of the dungeon, and saw 3 of its levels.

You collected 31 gold pieces.

Inventory:

Hand Weapons
 b - a +0 club (weapon)
 d - a +1 spear
Armour
 a - a +0 robe
 g - a +3 ring mail (worn)
 i - a +2 pair of gloves (worn)
Jewellery
 f - a +4 ring of protection
Scrolls
 e - 2 scrolls of identify
Potions
 c - a potion of mutation


   Skills:
 + Level 0.1 Armour
 - Level 1.5 Dodging
 - Level 3.0 Stealth
 + Level 2.5 Spellcasting
 * Level 2.2 Conjurations
 * Level 3.6 Fire Magic


You had 4 spell levels left.
You knew the following spells:

 Your Spells              Type           Power      Damage    Failure   Level
a - Foxfire               Conj/Fire      48%        2x1d6     14%         1
b - Scorch                Fire           28%        2d6       16%         2

Your spell library contained the following spells:

 Spells                   Type           Power      Damage    Failure   Level
 Conjure Flame            Conj/Fire      12%        6-21      41%         3
 Inner Flame              Hex/Fire       8%         N/A       56%         3
 Gell's Gravitas          Tloc           2%         N/A       82%         3
 Teleport Other           Tloc           2%         N/A       82%         3
 Flame Wave               Conj/Fire      12%        2d6       82%         4
 Dispersal                Tloc           1%         N/A       100%        6


Dungeon Overview and Level Annotations

Branches:
Dungeon (3/15)

Altars:

Annotations:
D:3 Terence


Innate Abilities, Weirdness & Mutations

Your serpentine skin is tough. (AC +1)
You have supernaturally acute eyesight. (SInv)
Armour fits poorly on your strangely shaped body.
Your system is resistant to poisons. (rPois)
You cover ground very slowly.
You can spit poison.
You have a snake-like lower body.


Message History

Nothing appears to happen.
Terence hits you but does no damage.
Unknown command.
Casting: Scorch (safe; 16% risk of failure)
Confirm with . or Enter, or press ? or * to list all spells.
Flames lash Terence.
Terence is severely wounded.
Terence's fire resistance burns away.
Terence barely misses you.
Unknown command.
Casting: Scorch (safe; 16% risk of failure)
Confirm with . or Enter, or press ? or * to list all spells.
Flames lash Terence but do no damage.
Terence hits you from afar with a +0 trident.
* * * LOW HITPOINT WARNING * * *
Unknown command.
Terence is no longer more vulnerable to fire.
Terence hits you but does no damage.
You hit Terence but do no damage.
Terence is severely wounded.
Terence hits you with a +0 trident.
* * * LOW HITPOINT WARNING * * *
You barely miss Terence.
Terence is severely wounded.
Terence bares his teeth.
Terence hits you with a +0 trident.
* * * LOW HITPOINT WARNING * * *
Terence barely misses you.
Your magical contamination has completely faded away.
Okay, then.
As you read the scroll labelled UXIPNE UDIO, it crumbles to dust.
It is a scroll of amnesia.
Really abort (and waste the scroll)?
Okay, then.
Terence hits you but does no damage.
You hit Terence.
Terence is almost dead.
Terence hits you but does no damage.
You hit Terence but do no damage.
Terence is almost dead.
Terence hits you with a +0 trident.
You die...

.# .# ##### .#
....# .# # #...
.# .##
###...##.#...##
.#..........[..#
.......<@@..:...
.........#.....#
##.#...### ...##
#... .## ##.# #
#. #. #.


You could see Terence (weak-willed).

Vanquished Creatures
  3 adders (D:2)
  2 dart slugs
  A giant cockroach (D:1)
  2 goblins (D:1)
  2 hobgoblins
  3 kobolds
  A quokka (D:1)
  A ball python (D:1)
  A bat (D:2)
  A frilled lizard (D:1)
  4 rats (D:1)
21 creatures vanquished.

Vanquished Creatures (others)
  60 foxfires
60 creatures vanquished.

Grand Total: 81 creatures vanquished

Notes
Turn   | Place    | Note
-------+----------+-------------------------------------------
     0 | D:1      | pkoi the Naga Fire Elementalist began the quest for the
                  | Orb.
     0 | D:1      | Reached XP level 1. HP: 15/15 MP: 3/3
   384 | D:1      | Found a faded altar of an unknown god.
   401 | D:1      | Reached XP level 2. HP: 4/22 MP: 0/5
  1256 | D:1      | Learned a level 2 spell: Scorch
  1473 | D:2      | Reached XP level 3. HP: 28/28 MP: 1/6
  2376 | D:3      | Noticed Terence
  2388 | D:3      | Slain by Terence

Illustrated notes

Levels and vault maps discovered:
D:1:      dpeg_arrival_erosion, layout_loops_ring,
          dreamdust_ecumenical_altar_angels_and_demons,
          chequers_serial_rivers_room_b, minmay_misc_feat_alley
D:2:      layout_loops_corners
D:3:      layout_loops_ring, uniq_terence, uniq_jessica

Skill      XL: |  1  2  3 |
---------------+----------+-----
Conjurations   | 2 |  2.2
Armour         | |  0.1
Dodging        | |  1.5
Stealth        | |  3.0
Spellcasting   | |  2.5
Fire Magic     | |  3.6

Action                   || total
-------------------------++-------
Melee: Club              ||    22
       Unarmed           ||     2
       Punch             ||     2
 Cast: Foxfire           ||    41
       Scorch            ||     2
  Use: Scroll            ||     6
Armor: Robe              ||     1
       Ring mail         ||     8
Dodge: Dodged            ||    17
